 Dungeon Crawl Stone Soup version 0.17.1-3-g152610e (webtiles) character file.

135 Charly the Insei (level 5, 0/42 HPs)
             Began as a Naga Necromancer on May 3, 2016.
             Was an Initiate of Cheibriados.
             Slain by a worker ant zombie (2 damage)
             ... on level 5 of the Dungeon.
             The game lasted 00:08:09 (330 turns).

Charly the Insei (Naga Necromancer)                  Turns: 330, Time: 00:08:09

Health: 0/42       AC:  2    Str: 11    XL:     5   Next: 18%
Magic:  3/8        EV: 10    Int: 18    God:    Cheibriados [......]
Gold:   9          SH:  0    Dex: 12    Spells: 4 memorised, 0 levels left

rFire  . . .     SeeInvis +       - Unarmed
rCold  . . .     Clarity  .     a - +0 robe
rNeg   . . .     SustAt   .     (no shield)
rPois  +         Gourm    .     (no helmet)
rElec  .         Spirit   .     (no cloak)
rCorr  .         Warding  .     (no gloves)
rMut   .         Stasis   +     (no barding)
MR     .....                    k - amulet of stasis
Stlth  ++........               (no ring)
                                (no ring)

@: very slow, not resistant to hostile enchantments, unstealthy
A: see invisible, deformed body, poison resistance, slowness 2, slow metabolism
1, spit poison 2, AC +1
a: Spit Poison, Bend Time, Renounce Religion


You were on level 5 of the Dungeon.
You worshipped Cheibriados.
Cheibriados was noncommittal.
You were very full.

You visited 1 branch of the dungeon, and saw 6 of its levels.

You collected 9 gold pieces.

Inventory:

Armour
 a - a +0 robe (worn)
Jewellery
 k - an amulet of stasis (around neck)
Scrolls
 g - a scroll of random uselessness {unknown}
 h - a scroll of blinking {unknown}
Potions
 l - a potion of brilliance
Books
 b - a book of Necromancy

   Spells                             Type                      Level
   a - Pain                           Necromancy                   1
   b - Animate Skeleton               Necromancy                   1
   c - Vampiric Draining              Necromancy                   3
   d - Regeneration                   Charms/Necromancy            3
   e - Animate Dead                   Necromancy                   4
   f - Control Undead                 Necromancy                   4
 i - a book of Alchemy

   Spells                             Type                      Level
   a - Sublimation of Blood           Necromancy                   2
   b - Ignite Poison                  Fire/Transmutation/Poison    3
   c - Alistair's Intoxication        Transmutation/Poison         4
   d - Condensation Shield            Ice                          4
   e - Petrify                        Transmutation/Earth          4
   f - Irradiate                      Conjuration/Transmutation    5
Comestibles
 c - a bread ration
 j - a meat ration


   Skills:
 + Level 0.0 Fighting
 - Level 1.5 Dodging
 - Level 3.0 Stealth
 * Level 4.6 Unarmed Combat
 - Level 2.0 Spellcasting
 - Level 4.0 Necromancy


You couldn't memorise any spells.
You knew the following spells:

 Your Spells              Type           Power        Failure   Level  Hunger
a - Animate Skeleton      Necr           N/A          3%          1    #......
p - Pain                  Necr           ###.         3%          1    #......
r - Regeneration          Chrm/Necr      #.........   24%         3    ###....
v - Vampiric Draining     Necr           ###.......   12%         3    ###....


Dungeon Overview and Level Annotations

Branches:
Dungeon (6/15)
 Temple: D:4-7

Altars:
Cheibriados
Elyvilon
Fedhas
Xom

Annotations:
D:3 kaze's ghost, amateur TrHu
D:5 exclusion: downstairs


Innate Abilities, Weirdness & Mutations

You cannot wear boots.
Your serpentine skin is tough (AC +1).
You have supernaturally acute eyesight.
Armour fits poorly on your strangely shaped body.
Your system is resistant to poisons.
You cover ground very slowly.
You have a slow metabolism.
You can spit poison.


Message History

The worker ant zombie bites you.
You barely miss the worker ant zombie.
The worker ant zombie closely misses you.
You barely miss the worker ant zombie. You hit the worker ant zombie.
The worker ant zombie bites you.
Your magical contamination has completely faded away.
You hit the worker ant zombie. The worker ant zombie bites you.
You barely miss the worker ant zombie.
The worker ant zombie waves its antennae.
The worker ant zombie bites you.
You hit the worker ant zombie but do no damage.
The worker ant zombie bites you.
* * * LOW HITPOINT WARNING * * *
You barely miss the worker ant zombie. The worker ant zombie bites you.
* * * LOW HITPOINT WARNING * * *
You hit the worker ant zombie. The worker ant zombie bites you.
* * * LOW HITPOINT WARNING * * *
You hit the worker ant zombie but do no damage.
The worker ant zombie bites you.
You die...

#. # #. .# #. ..< . #.
##.... #.####. #.?.#
#......###..#
#........@Z#
...[....####
#...##...######## ###.
#...........
.....###.##...#####...
..##..........####....
#.# ###.............
#.# #.#...###.....
###.#######.#...# ...


You could see a worker ant zombie.

Vanquished Creatures
  An ogre (D:5)
  A worker ant (D:5)
  2 adders
  A worm (D:2)
  A giant cockroach (D:3)
  A goblin (D:3)
  2 hobgoblins
  2 rats
11 creatures vanquished.

Notes
Turn   | Place    | Note
--------------------------------------------------------------
     0 | D:1      | Charly the Naga Necromancer began the quest for the Orb.
     0 | D:1      | Reached XP level 1. HP: 15/15 MP: 3/3
    31 | D:2      | Reached skill level 1 in Unarmed Combat
   103 | D:3      | Reached XP level 2. HP: 17/22 MP: 0/5
   126 | D:3      | Noticed kaze's ghost (amateur TrHu)
   192 | D:3      | stasi
   231 | D:4      | Found a white marble altar of Elyvilon.
   233 | D:4      | Found a snail-covered altar of Cheibriados.
   233 | D:4      | Found a blossoming altar of Fedhas.
   234 | D:4      | Found a shimmering altar of Xom.
   241 | D:4      | Became a worshipper of Cheibriados the Contemplative
   251 | D:4      | Reached XP level 3. HP: 28/28 MP: 6/6
   256 | D:4      | Learned a level 3 spell: Regeneration
   258 | D:5      | Entered Level 5 of the Dungeon
   258 | D:5      | Noticed an ogre
   266 | D:5      | Killed an ogre
   266 | D:5      | Reached XP level 4. HP: 25/36 MP: 3/7
   269 | D:5      | Reached XP level 5. HP: 17/42 MP: 0/8
   273 | D:5      | Learned a level 1 spell: Animate Skeleton
   277 | D:6      | Noticed an ogre
   284 | D:5      | 42hp
   293 | D:5      | Learned a level 3 spell: Vampiric Draining
   329 | D:5      | HP: 2/42 [worker ant zombie (4)]
   330 | D:5      | Slain by a worker ant zombie

Action                   |  1- 3 |  4- 6 || total
-------------------------+-------+-------++-------
Melee: Mace              |     3 |       ||     3
       Unarmed           |       |    18 ||    18
 Cast: Pain              |     8 |     4 ||    12
       Regeneration      |       |     1 ||     1
 Abil: Spit Poison       |    14 |       ||    14
  Use: Scroll            |     2 |       ||     2
       Potion            |     1 |       ||     1
  Eat: Royal jelly       |     1 |       ||     1
       Fruit             |       |     4 ||     4
